 Dungeon Crawl Stone Soup version 0.31-a0-162-gc4c5a43528 (webtiles) character file.

Game seed: 2003402256073298576

179 qw the Shooter (level 5, -2/32 HPs)
             Began as a Gargoyle Hunter on June 12, 2023.
             Slain by Pikel
             ... wielding a +2 whip of freezing
              (3 damage)
             ... on level 7 of the Dungeon.
             The game lasted 00:01:07 (2581 turns).

qw the Shooter (Gargoyle Hunter)                    Turns: 2581, Time: 00:01:07

Health: -2/32      AC:  9    Str: 14    XL:     5   Next: 59%
Magic:  5/5        EV: 10    Int: 10    God:
Gold:   180        SH:  0    Dex: 15    Spells: 4/4 levels left

rFire   . . .        Y - +0 shortbow
rCold   . . .        (shield currently unavailable)
rNeg    + . .        e - +0 ring mail
rPois   inf          (no helmet)
rElec   +            (no cloak)
rCorr   .            (no gloves)
SInv    .            (no boots)
Will    .....        (no amulet)
Stlth   +            g - +4 ring of slaying {mikee}
HPRegen 0.25/turn    (no ring)
MPRegen 0.09/turn

%: no passive effects
@: no status effects
A: sickness immunity, AC +4, negative energy resistance 1, electricity
resistance, torment resistance 1, petrification resistance
a: no special abilities


You were on level 7 of the Dungeon.
You visited 1 branch of the dungeon, and saw 5 of its levels.

You collected 180 gold pieces.


Innate Abilities, Weirdness & Mutations

You are immune to sickness and miasma.
Your stone body is resilient. (AC +4)
You are immune to poison.
You resist negative energy. (rN+)
You are resistant to electric shocks. (rElec)
You are resistant to unholy torment.
You are immune to petrification.


   Skills:
 + Level 3.6 Fighting
 - Level 6.0 Ranged Weapons
 - Level 1.0 Armour
 - Level 1.5 Dodging
 - Level 1.1 Stealth


You had 4 spell levels left.
You didn't know any spells.
Your spell library was empty.

Inventory:

Hand Weapons
 Y - a +0 shortbow (weapon)
Armour
 e - a +0 ring mail (worn)
Jewellery
 f - a ring of ice
 g - a +4 ring of slaying (left hand) {mikee}
Scrolls
 k - a scroll of identify
 l - a scroll of noise {unknown}
Potions
 a - a potion of brilliance {unknown}
 b - a potion of enlightenment {unknown}
 c - a potion of heal wounds {unknown}
 d - 2 potions of haste
 h - a potion of berserk rage {unknown}
 i - a potion of cancellation {unknown}
 j - a potion of degeneration {unknown}

Dungeon Overview and Level Annotations

Branches:
Dungeon (7/15)
 Temple: D:4-7

Altars:
The Shining One

Annotations:
D:1 2 transporters
D:2 exclusion: 6 gnolls
D:3 3 runed translucent doors, qw's ghost, weakling GrHu
D:7 Pikel


Message History

The arrow hits Pikel but does no damage.
Pikel is lightly wounded.
Pikel hits you but does no damage.
Pikel hits you with a +2 whip of freezing!
Pikel freezes you.
You shoot an arrow. The arrow closely misses Pikel.
The arrow hits the lemure!
The lemure is moderately wounded.
Pikel barely misses you.
You shoot an arrow. The arrow completely misses Pikel.
The arrow misses the lemure.
Pikel misses you.
You shoot an arrow. The arrow hits Pikel!
Pikel is moderately wounded.
Pikel closely misses you.
You shoot an arrow. The arrow closely misses Pikel.
The arrow hits the lemure but does no damage.
The lemure is moderately wounded.
Pikel hits you but does no damage.
You shoot an arrow. The arrow closely misses Pikel.
The arrow hits the lemure.
The lemure is heavily wounded.
Pikel closely misses you. Pikel barely misses you.
You shoot an arrow. The arrow hits Pikel.
Pikel is heavily wounded.
Pikel hits you with a +2 whip of freezing.
Pikel freezes you.
You shoot an arrow. The arrow hits Pikel.
Pikel is heavily wounded.
Pikel misses you.
You shoot an arrow. The arrow barely misses Pikel.
The arrow hits the lemure!
The lemure is almost dead.
Pikel closely misses you.
You shoot an arrow. The arrow hits Pikel.
Pikel is severely wounded.
Pikel hits you with a +2 whip of freezing.
Pikel freezes you.
You shoot an arrow. The arrow hits Pikel.
Pikel is severely wounded.
Pikel hits you with a +2 whip of freezing!
Pikel freezes you.
You die...

#####
......#####
#5K@..#########
####.......)..#
# #..........#
#. #........?.#
#.#
#..........#
#..##
#.....)....#
###...##
#####.######
.......# ###.#
#...## #.).#


You could see Pikel and a lemure.

Vanquished Creatures
  A lemure (D:7)
  A sleepcap (D:4)
  Terence (D:3)
  3 adders
  A gnoll (D:2)
  2 worms
  3 dart slugs
  4 orcs (D:3)
  9 ball pythons
  A bat (D:2)
  4 endoplasms
  3 giant cockroaches
  7 goblins
  4 hobgoblins
  6 jackals
  9 kobolds
  3 quokkas
  6 frilled lizards
  4 rats (D:1)
72 creatures vanquished.

Notes
Turn   | Place    | Note
-------+----------+-------------------------------------------
     0 | D:1      | qw the Gargoyle Hunter began the quest for the Orb.
     0 | D:1      | Reached XP level 1. HP: 12/12 MP: 1/1
     0 | D:1      | 0 ||| qw: Version: 0.2-a-29-gc1b59c4
     0 | D:1      | 0 ||| qw: Game counter: 4353
     0 | D:1      | 0 ||| qw: Always use a shield: true
     0 | D:1      | 0 ||| qw: God list: Okawaru
     0 | D:1      | 0 ||| qw: Allow faded altars: false
     0 | D:1      | 0 ||| qw: Do Orc after D:15 true
     0 | D:1      | 0 ||| qw: Do second Lair branch before Depths: true
     0 | D:1      | 0 ||| qw: Lair rune preference: random
     0 | D:1      | 0 ||| qw: Plans: Normal, Zot:1-4, Slime:5, God:TSO, Crypt,
                  | Tomb, Abyss, Pan, Hells, Win
     0 | D:1      | 0 ||| PLANNING D:1-11
   154 | D:1      | Reached XP level 2. HP: 17/17 MP: 2/2
   330 | D:1      | Reached XP level 3. HP: 21/21 MP: 3/3
   473 | D:1      | Reached skill level 5 in Ranged Weapons
   770 | D:1      | 770 ||| UPGRADING to +0 ring mail.
   780 | D:1      | 780 ||| DROPPING +0 leather armour.
   781 | D:1      | 781 ||| READING scroll labelled XUAGITTUTUA.
   782 | D:1      | 782 ||| DRINKING 2 sapphire potions.
   783 | D:1      | 783 ||| DROPPING scroll of butterflies.
   838 | D:2      | 838 ||| STAIRDANCE
   938 | D:2      | Reached skill level 1 in Armour
   942 | D:2      | 942 ||| READING scroll labelled MOIXKI PEBU.
  1052 | D:2      | Reached skill level 3 in Fighting
  1052 | D:2      | Reached XP level 4. HP: 28/28 MP: 4/4
  1516 | D:2      | 1516 ||| READING scroll labelled ETU SIJAGHIJE.
  1517 | D:2      | 1517 ||| READING scroll labelled XIUDA ZERA.
  1709 | D:3      | Found a faded altar of an unknown god.
  1849 | D:3      | Noticed Terence
  1855 | D:3      | Killed Terence
  1856 | D:3      | Reached XP level 5. HP: 32/32 MP: 5/5
  1905 | D:3      | Found a glowing golden altar of the Shining One.
  2043 | D:3      | Reached skill level 6 in Ranged Weapons
  2130 | D:3      | Found a runed translucent gate.
  2165 | D:3      | Identified the +1 leather armour "Winka" {rC+ Str+3}
  2167 | D:3      | Found a runed translucent gate.
  2167 | D:3      | Noticed qw's ghost (weakling GrHu)
  2169 | D:3      | Found a runed translucent gate.
  2300 | D:3      | 2300 ||| UPGRADING to +4 ring of slaying {mikee}.
  2355 | D:4      | 2355 ||| STAIRDANCE
  2466 | D:4      | You fall into a shaft and drop 3 floors!
  2507 | D:7      | Noticed a lemure
  2521 | D:7      | Killed a lemure
  2566 | D:7      | Noticed Pikel
  2567 | D:7      | Noticed a lemure
  2581 | D:7      | HP: 1/32 [Pikel/+2 whip of freezing (9)]
  2581 | D:7      | Slain by Pikel

Levels and vault maps discovered:
D:1:      spicycebolla_arrival_transporter_tutorial, layout_basic
D:2:      minmay_skewed_foursquare, layout_rooms
D:3:      layout_loops_cross, mainiacjoe_overflow_boulevard,
          shapermc_ecumenical_altar_starsandcircs, biasface_ghost_orc_armoury,
          grunt_decor_junction, uniq_terence
D:4:      layout_cave_pools, nicolae_overflow_hidden_temple,
          mainiacjoe_overflow_alcove_4, overflow_temple_1_default,
          okawaru_gym_becter, corexii_corridor_pit, uniq_eustachio
D:7:      layout_rooms, chequers_temple_overflow_statue_of_worship,
          minmay_temple_entry_grid, gammafunk_ghost_berserking_beasts,
          uniq_pikel, uniq_menkaure

Skill      XL: |  1  2  3  4  5 |
---------------+----------------+-----
Ranged Weapons | 5 6 |  6.0
Armour         | 1 |  1.0
Fighting       | 3 |  3.6
Dodging        | |  1.5
Stealth        | |  1.1

Action                     |  1- 3 |  4- 6 || total
---------------------------+-------+-------++-------
   Fire: Shortbow          |   129 |   138 ||   267
    Use: Scroll            |     2 |     2 ||     4
         Potion            |     1 |       ||     1
 Armour: Leather armour    |    14 |       ||    14
         Ring mail         |    15 |    28 ||    43
  Dodge: Dodged            |    35 |    45 ||    80

Table legend:
 A = Non-vault XP
 B = Vault XP
 C = Vault XP percentage of total XP
 D = Non-vault monster count
 E = Vault monster count
 F = Vault count percentage of total count
                 A         B        C        D         E       F
            +---------+---------+-------+---------+---------+-------
      Total |     203 |      54 |  21.0 |      68 |       3 |   4.2
            +---------+---------+-------+---------+---------+-------
        D:1 |      48 |       0 |   0.0 |      28 |       0 |   0.0
        D:2 |      49 |      18 |  26.9 |      20 |       2 |   9.1
        D:3 |      60 |      36 |  37.5 |      17 |       1 |   5.6
        D:4 |      46 |       0 |   0.0 |       3 |       0 |   0.0
            +---------+---------+-------+---------+---------+-------
